 Dungeon Crawl Stone Soup version 0.30-a0-1016-gfb0d676c02 (webtiles) character file.

Game seed: 15121873929499749663

48 Arcadio the Sneak (level 3, -6/22 HPs)
             Began as a Vampire Brigand on Apr 6, 2023.
             Was an Initiate of Dithmenos.
             Killed by divine providence
             ... invoked by an orc priest
              (14 damage)
             ... on level 3 of the Dungeon.
             The game lasted 00:04:31 (1527 turns).

Arcadio the Sneak (Vampire Brigand)                 Turns: 1527, Time: 00:04:32

Health: -6/22      AC:  0    Str:  8 (10) XL:     3   Next: 50%
Magic:  2/3        EV: 18    Int: 11 (13) God:    Dithmenos [......]
Gold:   98         SH:  0    Dex: 20 (22) Spells: 2/2 levels left

rFire   . . .      SeeInvis +    a - melded +2 dagger
rCold   + + .      Faith    .    (shield currently unavailable)
rNeg    + + +      Spirit   .    b - melded +0 robe
rPois   ∞          Reflect  .    i - melded +0 helmet
rElec   .          Rampage  .    c - melded +0 cloak
rCorr   .                        (gloves currently unavailable)
Will    .....                    (boots currently unavailable)
Stlth   +++++                    o - amulet of magic regeneration
HPRegen 0.00/turn                (ring currently unavailable)
MPRegen 0.48/turn                (ring currently unavailable)

@: bat-form, flying, bloodless, inhibited regen, very quick
A: fast, flying, no casting, tiny, bloodless, fangs 3, see invisible, vampiric 2
a: Revivify, End Transformation, Renounce Religion


You were on level 3 of the Dungeon.
You worshipped Dithmenos.
Dithmenos was noncommittal.
You were a vampire bat.
You visited 1 branch of the dungeon, and saw 3 of its levels.

You collected 98 gold pieces.

Inventory:

Hand Weapons
 a - a +2 dagger (melded)
Missiles
 d - 9 poisoned darts (quivered)
 e - 3 curare-tipped darts
 q - a throwing net
Armour
 b - a +0 robe (melded)
 c - a +0 cloak (melded)
 i - a +0 helmet (melded)
Jewellery
 o - an amulet of magic regeneration (around neck)
Scrolls
 f - a scroll of fear {unknown}
 j - 2 scrolls of teleportation {unknown}
 k - a scroll of enchant armour {unknown}
 n - 3 scrolls of enchant weapon {unknown}
 p - 2 scrolls of fog {unknown}
 r - a scroll of poison {unknown}
Potions
 g - a potion of curing
 h - a potion of berserk rage
 m - a potion of brilliance {unknown}
 s - a potion of flight {unknown}


   Skills:
 + Level 2.4 Fighting
 + Level 3.1 Short Blades
 + Level 2.2 Throwing
 - Level 1.1 Dodging
 - Level 5.8 Stealth


You had 2 spell levels left.
You didn't know any spells.
Your spell library contained the following spells:

 Spells                   Type           Power      Damage    Failure   Level
 Necrotise                Necr           0%         1d4       34%         1


Dungeon Overview and Level Annotations

Branches:
Dungeon (3/15) Zot: 16466

Altars:
Dithmenos

Annotations:
D:2 Terence


Innate Abilities, Weirdness & Mutations

You are a vampire bat.
You are tiny and dextrous.
You move quickly.
You are flying.
You are immune to poison.
Your equipment is almost entirely melded.
You are incapable of wielding weapons or throwing items.
You cannot cast spells.
You do not regenerate when monsters are visible.
You are frail without blood (-20% HP).
You can heal yourself when you bite living creatures.
You are immune to poison.
You have razor-sharp teeth.
You have supernaturally acute eyesight. (SInv)
You are afflicted with vampirism and can become a bat while bloodless.


Message History

An endoplasm comes into view.
The helpless endoplasm fails to defend itself.
You spit the endoplasm like a pig!!!
You kill the endoplasm!
Dithmenos accepts your kill.
A goblin comes into view. It is wielding a +0 club.
A goblin is nearby!
An orc and an orc wizard come into view.
The orc wizard points at you and mumbles some strange words.
You are confused.
The orc shouts!
The goblin shouts!
The orc wizard gestures at you while chanting.
The magic dart hits you!
You're too confused to move!
The goblin barely misses you.
You miss the goblin. The goblin barely misses you.
You hit the goblin.
The goblin is moderately wounded.
The goblin misses you.
The orc wizard casts a spell.
The orc wizard flickers and vanishes for a moment.
You bump into the rock wall.
You feel less confused. The goblin hits you but does no damage.
An orc priest comes into view. It is wielding a +0 club.
The orc hits you with a +0 flail!
You barely miss the orc. The goblin closely misses you.
The orc completely misses you.
You hit the orc. Your punch misses the orc.
The orc is heavily wounded.
The goblin misses you. The orc barely misses you.
You turn into a vampire bat.
Your +2 dagger melds into your body.
Your +0 cloak melds into your body.
Your +0 helmet melds into your body.
Your +0 robe melds into your body.
You feel weakened.
You feel dopey.
You feel clumsy. The goblin closely misses you. The orc closely misses you.
The orc priest mumbles some strange prayers to Beogh against you.
Beogh smites you!
Ouch! That really hurt!
You die...

.. ... .... #
##+# ###....
#.##..###.......
#...............
####...o........
###.b.go..o.#
##...####....#
##..### .......
##..## .......
#..## .......
##.## #######
#.#..####
#>..[...#
#######.#


You could see an orc priest, an orc wizard (invisible), an orc and a goblin.

Vanquished Creatures
  An adder (D:2)
  2 dart slugs
  2 endoplasms
  A giant cockroach (D:3)
  A goblin (D:2)
  3 hobgoblins (D:2)
  6 jackals
  2 kobolds (D:2)
  2 quokkas (D:2)
  6 ball pythons
  2 bats
  2 rats
30 creatures vanquished.

Vanquished Creatures (others)
  A plant (D:1)
1 creature vanquished.

Grand Total: 31 creatures vanquished

Notes
Turn   | Place    | Note
-------+----------+-------------------------------------------
     0 | D:1      | Arcadio the Vampire Brigand began the quest for the Orb.
     0 | D:1      | Reached XP level 1. HP: 16/16 MP: 1/1
   121 | D:1      | Found a faded altar of an unknown god.
   143 | D:1      | Got Plato's Folio of Necromancy
   155 | D:1      | Reached XP level 2. HP: 22/22 MP: 2/2
   665 | D:2      | Gained mutation: You are afflicted with vampirism and can
                  | become a bat while bloodless. [Vampire growth]
   665 | D:2      | Reached XP level 3. HP: 27/27 MP: 3/3
   974 | D:2      | Found a shadowy altar of Dithmenos.
   981 | D:2      | Became a worshipper of Dithmenos the Shadowed
  1206 | D:2      | Noticed Terence
  1527 | D:3      | Killed from afar by an orc priest

Illustrated notes

Levels and vault maps discovered:
D:1:      minmay_arrival_loop, layout_basic,
          shapermc_ecumenical_altar_rom_forum, chequers_serial_rivers_small_3,
          chequers_mini_garden, minmay_misc_feat_rows, serial_bayou_ford_a
D:2:      layout_rooms, serial_forest, infiniplex_forest_lined_ring,
          infiniplex_forest_lined_room_, infiniplex_forest_lined_3,
          infiniplex_forest_straight_3, infiniplex_forest_end_3,
          infiniplex_forest_split, infiniplex_forest_lined_corner,
          infiniplex_forest_lined_2, basic_altar, uniq_terence
D:3:      layout_basic, minivault_4, grunt_ministairs_14

Skill      XL: |  1  2  3 |
---------------+----------+-----
Fighting       | 2 |  2.4
Throwing       | 2 |  2.2
Short Blades   | 3 |  3.1
Dodging        | |  1.1
Stealth        | |  5.8

Action                     || total
---------------------------++-------
  Melee: Dagger            ||    69
         Bite              ||    12
         Punch             ||     1
Ability: Bat Form          ||     1
         Exsanguinate      ||     1
    Use: Scroll            ||     3
         Potion            ||     1
   Stab: Sleeping          ||     9
 Armour: Robe              ||    12
  Dodge: Dodged            ||    42

Table legend: (Time is in decaauts)
 A = Elapsed time spent in this place.
 B = Non-inter-level travel time spent in this place.
 C = Inter-level travel time spent in this place.
 D = Time resting spent in this place.
 E = Time spent auto-exploring this place.
 F = Levels seen in this place.
 G = Mean time per level.
                   A        B        C        D        E       F      G
               +--------+--------+--------+--------+--------+-----+--------+
         Total |   1533 |   1517 |     16 |    142 |    981 |   3 |  511.0 |
       Dungeon |   1533 |   1517 |     16 |    142 |    981 |   3 |  511.0 |
               +--------+--------+--------+--------+--------+-----+--------+

Top non-repeatable levels by time:
     D:1: 844 daAuts
     D:2: 625 daAuts
     D:3: 63 daAuts
